[Event "*** Titled Tuesday Blitz"]
[Site "Chess.com"]
[Date "2020.04.07"]
[Round "5"]
[White "Witik"]
[Black "dragos420"]
[Result "1-0"]
[WhiteElo "2711"]
[BlackElo "2515"]
[TimeControl "180+1"]
[EndTime "13:56:33 PDT"]
[Termination "Witik won by resignation"]

1. e4 e5 2. Nf3 Nc6 3. Nc3 Nf6 4. Bb5 Bb4 5. O-O O-O 6. d3 Bxc3 7. bxc3 d6 8. Re1 Ne7 9. d4 Ng6 10. a4 Qe7 11.
Bf1 Re8 12. Nd2 Bg4 13. f3 Be6 14. Nc4 Bxc4 15. Bxc4 exd4 16. cxd4 d5 17. Ba3 Qd7 18. exd5 Nxd5 19. Bb5 c6 20. Bf1 Rad8 21. Qd2 Ndf4 22. c3 b6 23. h4 Qf5 24. g3 Nd5 25. Rxe8+ Rxe8 26. Re1 Rd8 27. c4 Nf6 28. Qe3 h5 29. Kh2 Qc2+ 30. Kg1 Qxa4 31. Bb2 Qc2 32. Re2 Qf5 33.
Rd2 Re8 34. Qf2 a5 35. Kg2 Qd7 36. d5 cxd5 37. cxd5 Qd6 38. Qd4 Ne5 39. Bb5 Qc5 40. Qxc5 bxc5 41. Bxe8 Nxe8 42. Bxe5 1-0

[Event "*** Titled Tuesday Blitz"]
[Site "Chess.com"]
[Date "2020.04.07"]
[Round "5"]
[White "AlanZhang"]
[Black "semchik73"]
[Result "1-0"]
[WhiteElo "2154"]
[BlackElo "2313"]
[TimeControl "180+1"]
[EndTime "13:56:33 PDT"]
[Termination "AlanZhang won by resignation"]

1. e4 Nf6 2. e5 Nd5 3. d4 d6 4. Nf3 Bg4 5. Be2 c6 6. O-O Bxf3 7.
Bxf3 dxe5 8. dxe5 e6 9. c4 Ne7 10. b3 Ng6 11. Bb2 Nd7 12. Re1 Qc7 13. Qe2 O-O-O 14.
g3 Nc5 15. Nd2 Nd3 16. Reb1 Nxb2 17. Rxb2 Qxe5 18. Qxe5 Nxe5 19. Bg2 Bb4 20. Rd1 Nd3 21. Rc2 Ne5 22. Kf1 Rd7 23. f4 Ng4 24. Ke2 Rhd8 25. h3 Nf6 26. Bf3 Rd3 27. g4 Bc5 28. g5 Re3+ 29. Kf1 Rxd2 30. Rcxd2 Rxf3+ 31. Kg2 Rxf4 32. gxf6 Rxf6 33. Rd8+ Kc7 34. R1d7+ Kb6 35. Rb8 Rf2+ 36. Kg3 Rxa2 37. Rbxb7+ Ka6 38. b4 Bb6 39. c5 Ra3+ 40.
Kf4 Ra4 41. cxb6 Rxb4+ 42. Ke3 axb6 43. Ra7+ Kb5 44. Rxf7 c5 45. Rxg7 Rh4 46. Rxh7 Rb4 47.
Rh6 Rb3+ 48. Kd2 c4 49. Rxe6 Rxh3 50. Rb7 Rh2+ 51. Kc3 Rh3+ 52. Kd4 Rd3+ 53. Ke4 Rd1 54.
Rexb6+ Kc5 55. Rb5+ Kc6 56. R7b6+ Kc7 57. Rh6 Re1+ 58.
Kd4 Rc1 59. Rc5+ Kd7 60. Rxc4 Rd1+ 61. Kc3 Rc1+ 62. Kb3 Rb1+ 63. Kc2 Rb5 64. Rg4 Ke7 65. Rg7+ Kf8 66. Ra7 Rc5+ 67. Kb3 Kg8 68. Rb6 Rc8 69. Kb4 Rf8 70. Kb5 Rd8 71. Kc6 Rf8 72. Kd5 Rf5+ 73. Ke4 Rf8 74. Ke5 Re8+ 75. Kf6 Rc8 76.
Kg6 Kh8 77. Rbb7 Rc6+ 78. Kf7 Rc8 79. Kf6 Rc6+ 80. Kg5 Rc5+ 81. Kg6 Rc6+ 82. Kf5 Rc5+ 83. Ke6 Rc6+ 84. Kd5 Rc8 85. Rh7+ Kg8 86. Rag7+ Kf8 87. Rh8+ Kxg7 88. Rxc8 Kf7 89. Rc7+ Kf6 90. Rb7 Kf5 91. Rf7+ Kg6 92. Ke6 Kg5 93. Ke5 Kg4 94. Ke4 Kg3 95. Ke3 1-0

[Event "*** Titled Tuesday Blitz"]
[Site "Chess.com"]
[Date "2020.04.07"]
[Round "5"]
[White "jmduque"]
[Black "DrMelekess"]
[Result "0-1"]
[WhiteElo "2516"]
[BlackElo "2720"]
[TimeControl "180+1"]
[EndTime "13:56:34 PDT"]
[Termination "DrMelekess won by checkmate"]

1. e4 Nc6 2. Nf3 d5 3. e5 Bg4 4. d4 Bxf3 5. gxf3 e6 6. f4 Nge7 7. c3 Ng6 8. Bd3 Nh4 9. Qg4 g6 10. Nd2 h5 11. Qh3 Bh6 12. Nb3 O-O 13. Rg1 Kh8 14. Be3 a5 15. O-O-O a4 16. Nd2 a3 17. b3 Nf5 18. Nf3 Nce7 19. Rg2 b6 20. Rdg1 Rc8 21. Ng5 c5 22. Bxf5 Nxf5 23. Nxe6 fxe6 24.
Rxg6 Qd7 25. Qxh5 Qh7 26. Rxe6 cxd4 27. Rgg6 Bg7 28. Qxh7+ Kxh7 29. Bd2 dxc3 30. Be1 Nd4 31. Rxb6 Nf3 32. Rg3 Nxe1 33. Rb7 Kh8 34. Rgxg7 Nd3+ 35. Kc2 Ne1+ 36. Kc1 Rxf4 37. Rh7+ Kg8 38. Rbg7+ Kf8 39.
Rh8+ Kxg7 40. Rxc8 Rxf2 41. Rxc3 d4 42. Rg3+ Kf7 43.
Kd1 Nf3 44. Rg4 d3 45. Rf4+ Ke7 46. h4 Rf1# 0-1

[Event "*** Titled Tuesday Blitz"]
[Site "Chess.com"]
[Date "2020.04.07"]
[Round "5"]
[White "Borsuk_Konstantin"]
[Black "rugbyclub"]
[Result "1-0"]
[WhiteElo "2450"]
[BlackElo "2109"]
[TimeControl "180+1"]
[EndTime "13:56:34 PDT"]
[Termination "Borsuk_Konstantin won by checkmate"]

1. d4 d5 2. c4 dxc4 3. Nf3 Nf6 4. e3 Bg4 5. Bxc4 e6 6. h3 Bh5 7. Nc3 Nc6 8. g4 Bg6 9. Nh4 Be7 10. Nxg6 hxg6 11. Qf3 a6 12. Bd2 Qd7 13. a3 O-O 14. h4 b5 15. Be2 e5 16. d5 Na5 17.
h5 gxh5 18. g5 Nh7 19. Qxh5 Qf5 20. Bg4 Qg6 21. f4 Qxh5 22. Rxh5 exf4 23. exf4 Nb3 24. Rd1 Rfe8 25. Bd7 g6 26. Rh1 Red8 27. Bc6 Rab8 28. Ne4 Nd4 29. Bc3 Nxc6 30. Rd3 b4 31. Rxh7 bxc3 32.
Rdh3 f5 33. Rh8+ Kf7 34. R3h7# 1-0

[Event "*** Titled Tuesday Blitz"]
[Site "Chess.com"]
[Date "2020.04.07"]
[Round "5"]
[White "Caracternin123"]
[Black "donotreadit"]
[Result "0-1"]
[WhiteElo "2561"]
[BlackElo "2756"]
[TimeControl "180+1"]
[EndTime "13:56:35 PDT"]
[Termination "donotreadit won by checkmate"]

1. d4 d5 2. Nf3 e6 3. Bf4 c5 4. e3 Nc6 5. c3 Nf6 6. Nbd2 Bd6 7. Bg3 Qc7 8. dxc5 Bxg3 9. hxg3 a5 10. Nd4 e5 11. Nb5 Qe7 12. Nd6+ Kf8 13. a3 Be6 14. b4 b6 15. Qa4 Nd8 16. Nf3 bxc5 17. bxc5 Nd7 18. Qb5 g6 19. c4 d4 20. exd4 exd4 21.
O-O-O Bg4 22. Rxd4 Bxf3 23. gxf3 Ne6 24. Rd5 Ndxc5 25.
Bh3 Kg7 26. Qb2+ f6 27. Re1 Rhb8 28. Nb5 Qf7 29. Rd6 Ng5 30. Bg2 Qxc4+ 31. Qc3 Qxb5 32. Qxf6+ Kg8 33. Re7 Qb1+ 34. Kd2 Rb2+ 35. Ke3 Qc1+ 36. Kd4 Nb3+ 37. Kd5 Qc5# 0-1

[Event "*** Titled Tuesday Blitz"]
[Site "Chess.com"]
[Date "2020.04.07"]
[Round "5"]
[White "plumalka"]
[Black "Shukh_Nikolay"]
[Result "1-0"]
[WhiteElo "2400"]
[BlackElo "2540"]
[TimeControl "180+1"]
[EndTime "13:56:35 PDT"]
[Termination "plumalka won by checkmate"]

1. e4 e5 2. Nf3 Nc6 3. Nc3 Nf6 4. a3 Bd6 5. d4 O-O 6. d5 Ne7 7. Bd3 c6 8. O-O Ng6 9. dxc6 dxc6 10. Ne2 a5 11. Ng3 Bc5 12. Qe2 Qb6 13. Bd2 Nf4 14. Bxf4 exf4 15. Nf5 Bxf5 16. exf5 Rfe8 17. Qd2 Rad8 18.
Qxf4 Qxb2 19. Qc4 Qb6 20. Ng5 Rd7 21. Qa2 h6 22. Rab1 Qa7 23. Nh3 Nd5 24. Qc4 b5 25. Qg4 Nf6 26. Qg3 Rde7 27. Nf4 Bd6 28. Qf3 Qc7 29. Nh5 Bxh2+ 30. Kh1 Nxh5 31. Qxh5 Be5 32. Rbe1 Bf6 33. Rd1 a4 34. f3 Qe5 35. Be4 Qc5 36.
Rd2 Qxa3 37. Bxc6 Rc8 38. Bd5 Qc3 39. Rfd1 a3 40. Bb3 b4 41. Rd8+ Rxd8 42. Rxd8+ Kh7 43. Qg6+ fxg6 44. Bg8+ Kh8 45. Bf7+ Re8 46. Rxe8+ Kh7 47.
fxg6# 1-0

[Event "*** Titled Tuesday Blitz"]
[Site "Chess.com"]
[Date "2020.04.07"]
[Round "5"]
[White "Korchmar_Vasiliy"]
[Black "SPEEDSKATER"]
[Result "0-1"]
[WhiteElo "2608"]
[BlackElo "2792"]
[TimeControl "180+1"]
[EndTime "13:56:36 PDT"]
[Termination "SPEEDSKATER won on time"]

1. d4 d5 2. c4 c6 3. Nf3 Nf6 4.
g3 Bf5 5. Nc3 e6 6. Nh4 Bg6 7. Qb3 Qb6 8. Nxg6 hxg6 9. c5 Qc7 10.
Bf4 Qc8 11. Bg2 Nbd7 12. O-O e5 13. e4 Nxe4 14. Nxe4 dxe4 15. dxe5 Nxc5 16. Qc2 Qf5 17. Rfe1 Rd8 18. Rad1 Rxd1 19. Qxd1 Be7 20. b4 Ne6 21. Bxe4 Qh3 22. Be3 Qxh2+ 23. Kf1 Qh3+ 24. Bg2 Qf5 25. a3 O-O 26. Qd7 Bg5 27. f4 Rd8 28. Qxb7 Nxf4 29. gxf4 Bh4 30. Bf2 Qxf4 31. Qxa7 Rd2 32. Re2 Rd1+ 33.
Re1 Qc4+ 34. Kg1 Rxe1+ 35. Bxe1 Bxe1 36. Qa8+ Kh7 37. Qxc6 Qd4+ 38. Kh2 Qxe5+ 39. Kg1 Qe3+ 40. Kh2 f5 41. Qf3 Qe5+ 42. Kh1 Bh4 43. Qh3 g5 44. Qf3 g4 45. Qd3 Qe1+ 0-1

[Event "*** Titled Tuesday Blitz"]
[Site "Chess.com"]
[Date "2020.04.07"]
[Round "5"]
[White "Bryakin_Mikhail"]
[Black "hermionegrangermagic"]
[Result "0-1"]
[WhiteElo "2727"]
[BlackElo "2478"]
[TimeControl "180+1"]
[EndTime "13:56:36 PDT"]
[Termination "hermionegrangermagic won by resignation"]

1. d4 Nf6 2. h4 d5 3. Nc3 a6 4. Bf4 c5 5. e3 Nc6 6. Nf3 Bg4 7.
Be2 e6 8. Qd2 cxd4 9. Nxd4 Bxe2 10. Qxe2 Bb4 11. O-O Rc8 12. Nxc6 Rxc6 13. Nd1 O-O 14.
c3 Ba5 15. Bg5 h6 16. Bxf6 Qxf6 17. g3 Bc7 18. Qg4 Rc4 19. Qh3 Qg6 20. b3 Rc6 21.
Rc1 Be5 22. h5 Qd3 23. Qg4 Rfc8 24. Qb4 R8c7 25. Nb2 Qe2 26. Na4 b5 27. Rfe1 Qxh5 28. Nb2 Bxc3 29. Rxc3 Rxc3 30. a4 Rc2 31. Nd3 Qf5 32.
Nf4 e5 33. Ne2 Qf3 34. Qd6 Rc8 35. Qd7 Qf6 36. axb5 axb5 37. Qxb5 Qc6 38. Qd3 Rb2 39. Rc1 Rc2 40. Re1 Rc5 41. Rd1 Qb5 42. Qd2 Rc2 43.
Nc3 Rxd2 0-1

[Event "*** Titled Tuesday Blitz"]
[Site "Chess.com"]
[Date "2020.04.07"]
[Round "5"]
[White "Kumi29"]
[Black "francyIM"]
[Result "0-1"]
[WhiteElo "2439"]
[BlackElo "2669"]
[TimeControl "180+1"]
[EndTime "13:56:36 PDT"]
[Termination "francyIM won by resignation"]

1. d4 Nf6 2. Bg5 e6 3. Nd2 d5 4.
e3 Nbd7 5. Bd3 Be7 6. c3 b6 7. f4 Bb7 8. Ngf3 h6 9. Bxf6 Nxf6 10.
Ne5 O-O 11. Qf3 Ne8 12. f5 Qd6 13. O-O-O exf5 14. Qxf5 g6 15. Qh3 Bg5 16. Rdf1 f5 17. g4 Bc8 18. gxf5 Ng7 19. e4 dxe4 20. Bc4+ Kh8 21.
Nf7+ Rxf7 22. Bxf7 Bxf5 23. Qg3 e3 24. Nc4 e2+ 25. Qxg5 exf1=Q+ 26. Rxf1 hxg5 27. Nxd6 cxd6 28. Re1 Rd8 29. a4 Rd7 30. Bd5 Rd8 31. Rg1 g4 32. b4 Re8 33. Kd2 Nh5 34. Bf7 Re7 35. Bc4 Nf6 36. a5 Ne4+ 37. Kc2 Ng5+ 38. Bd3 Re2+ 39.
Kb3 Bxd3 40. Rxg4 Ne4 41. axb6 axb6 42. b5 g5 43. d5 Nc5+ 44. Ka3 Bxb5 45. h4 gxh4 46.
Rxh4+ Kg7 47. c4 Bd7 48. Kb4 Re3 49. Rh7+ Kf6 50. Rf7+ Ke5 51. Rf5+ Bxf5 0-1

[Event "*** Titled Tuesday Blitz"]
[Site "Chess.com"]
[Date "2020.04.07"]
[Round "5"]
[White "temus_galaktionov"]
[Black "Olga_Girya"]
[Result "1-0"]
[WhiteElo "2746"]
[BlackElo "2555"]
[TimeControl "180+1"]
[EndTime "13:56:37 PDT"]
[Termination "temus_galaktionov won by resignation"]

1. d4 d5 2. Nf3 Nf6 3. c4 e6 4. Nc3 Bb4 5. cxd5 exd5 6. Bg5 h6 7.
Bxf6 Qxf6 8. e3 O-O 9. Bd3 Bf5 10. O-O Bxd3 11. Qxd3 c6 12. Ne5 Qe7 13. Rae1 Nd7 14. f4 Nf6 15. Re2 Bxc3 16. bxc3 Qa3 17. Rc2 Ne4 18. Rb1 Nd6 19. g4 Rfe8 20. g5 hxg5 21.
fxg5 Re7 22. Rb3 Qa5 23. Rg2 Ne4 24. Qe2 g6 25. h4 Nxc3 26. Qe1 Rae8 27. Qxc3 Qc7 28.
Qd2 c5 29. Rc3 c4 30. Rc1 b5 31. a3 a5 32. h5 Rxe5 33. dxe5 Qxe5 34. hxg6 fxg6 35.
Rd1 Rd8 36. Qd4 Qe7 37. Qf6 Qxf6 38. gxf6 Kf7 39. Rb2 b4 40. axb4 axb4 41. Rxb4 Kxf6 42. Rxc4 Re8 43. Rxd5 Rxe3 44. Rc6+ Kg7 45. Kf2 Re7 46. Rdd6 Rf7+ 47. Kg3 Kh7 48. Rxg6 Kh8 49. Rg4 1-0

[Event "*** Titled Tuesday Blitz"]
[Site "Chess.com"]
[Date "2020.04.07"]
[Round "5"]
[White "Filip_Covic"]
[Black "AshotParvanyan"]
[Result "0-1"]
[WhiteElo "2337"]
[BlackElo "2529"]
[TimeControl "180+1"]
[EndTime "13:56:38 PDT"]
[Termination "AshotParvanyan won on time"]

1. d4 Nf6 2. c4 g6 3. Nc3 Bg7 4. e4 d6 5. Nge2 O-O 6. Ng3 c5 7. d5 e6 8. Be2 exd5 9. cxd5 Re8 10.
O-O h5 11. Bg5 a6 12. a4 Qc7 13. Qd2 Nh7 14. Bh6 h4 15. Bxg7 Kxg7 16. Nh1 Nd7 17.
f4 Ndf6 18. Nf2 Bd7 19. Rfe1 Rab8 20. a5 Re7 21. e5 Ne8 22. Nfe4 Bf5 23. Bf3 Rd8 24. e6 fxe6 25. dxe6 Rxe6 26. Nd5 Qf7 27. Ng5 Nxg5 28. fxg5 Re5 29. Qc3 Qe6 30. Nf4 Qe7 31.
Nd5 Qxg5 32. Rxe5 dxe5 33. Qxe5+ Kh7 34. Re1 Ng7 35. Nf6+ Kh8 36. Qe7 Qd2 37. Nd5 Qd4+ 38. Kh1 Rxd5 39. Bxd5 Qxd5 40. Qf8+ Kh7 41. Qf6 Qd4 42.
Qf7 h3 43. Qxb7 Qf2 0-1

[Event "*** Titled Tuesday Blitz"]
[Site "Chess.com"]
[Date "2020.04.07"]
[Round "5"]
[White "Etoilegeniale"]
[Black "MarcoRiehle"]
[Result "0-1"]
[WhiteElo "2505"]
[BlackElo "2703"]
[TimeControl "180+1"]
[EndTime "13:56:39 PDT"]
[Termination "MarcoRiehle won by resignation"]

1. e4 e5 2. Nf3 Nf6 3. Nxe5 Nxe4 4. d4 d6 5. Nf3 d5 6. Bd3 Bd6 7. O-O O-O 8. c4 c6 9. Re1 Bf5 10. Qb3 Re8 11. Qxb7 Nd7 12. Qxc6 Ndf6 13. c5 Rc8 14. Qa4 Nxc5 15. Rxe8+ Nxe8 16. dxc5 Bxd3 17. Bg5 Rxc5 18. Nc3 Qc8 19. Rd1 Bg6 20. Be3 Rc6 21. Rxd5 Nf6 22. Rd1 a6 23. h3 Bf8 24. Qb3 Qc7 25. Rd4 Bc5 26. Rd1 Bxe3 27. fxe3 h6 28. Nd5 Qd6 29. Nxf6+ Qxf6 30. Qd5 Rc2 31. Rd2 Qxb2 32.
Rxc2 Qxc2 33. Ne5 Qf5 34. Nxg6 Qxg6 35. e4 Qb6+ 36. Kh2 g6 37. e5 Kg7 38. Kg3 g5 39. Kh2 Qe6 40. Qxe6 fxe6 41. Kg3 Kg6 42. Kg4 h5+ 43. Kf3 Kf5 44. g4+ hxg4+ 45. hxg4+ Kxe5 0-1

[Event "*** Titled Tuesday Blitz"]
[Site "Chess.com"]
[Date "2020.04.07"]
[Round "5"]
[White "ChristianAlm"]
[Black "chabo96"]
[Result "0-1"]
[WhiteElo "2395"]
[BlackElo "2595"]
[TimeControl "180+1"]
[EndTime "13:56:40 PDT"]
[Termination "chabo96 won by checkmate"]

1. d4 Nf6 2. Bg5 Ne4 3. Bf4 d5 4. e3 Bf5 5. Bd3 e6 6. Nf3 h6 7.
O-O Bd6 8. Bxd6 Qxd6 9. c4 O-O 10. c5 Qe7 11. Nc3 a5 12. Qc2 Nxc3 13. Bxf5 Ne2+ 14.
Qxe2 exf5 15. Qc2 Qe6 16. Rfe1 Nd7 17. Rac1 c6 18. Nd2 Rfb8 19. f3 b6 20. cxb6 Rxb6 21. b3 a4 22. e4 fxe4 23. fxe4 a3 24. exd5 Qxd5 25. Qc4 Nf6 26. Re5 Qd7 27. Rce1 Nd5 28. Nf3 Rbb8 29. Qc5 Rd8 30. Qc4 g6 31. h3 Kg7 32.
Qc5 Qd6 33. Qxd6 Rxd6 34. Nd2 Nb4 35. Nc4 Rxd4 36. Re7 Nxa2 37. Rf1 Rf8 38. Ne5 Nb4 39. Nxf7 Nd5 40. Rd7 Rf4 41. Rxf4 Nxf4 42. Ne5+ Kf6 43. Nxc6 Ne2+ 44. Kh2 Ra8 45. Ra7 Rxa7 46. Nxa7 a2 47. Nb5 a1=Q 48. Nd6 Qg1# 0-1

[Event "*** Titled Tuesday Blitz"]
[Site "Chess.com"]
[Date "2020.04.07"]
[Round "5"]
[White "IMinTheWings"]
[Black "Vamostodorecto"]
[Result "0-1"]
[WhiteElo "2190"]
[BlackElo "2418"]
[TimeControl "180+1"]
[EndTime "13:56:40 PDT"]
[Termination "Vamostodorecto won by checkmate"]

1. c4 e5 2. Nc3 Nc6 3. Nf3 g6 4. g3 Bg7 5. Bg2 d6 6. O-O Nge7 7. d3 O-O 8. Bd2 f5 9. Qc1 Nd4 10. Nxd4 exd4 11. Nb5 c6 12. Na3 Be6 13. Bh6 Qd7 14.
Bxg7 Kxg7 15. Nc2 c5 16. a3 f4 17. gxf4 Bh3 18. f3 Bxg2 19. Kxg2 Nf5 20. Qe1 Rae8 21. b4 Re7 22. b5 Rfe8 23. Rf2 Re6 24. Ra2 Qe7 25.
Na1 Qh4 26. Nb3 Qxf4 27. Nd2 Ne3+ 28. Kh1 Re5 29. Ne4 Rh5 30. Qg1 Rh4 31. a4 Re5 32. Nxd6 Reh5 33. Ne4 Nf1 34. e3 Nxe3 35.
Qg3 Rf5 36. Qxf4 Rhxf4 37. a5 Rxf3 38. b6 axb6 39. axb6 Rxf2 40. Nxf2 Rf6 41. Ne4 Rf1# 0-1

[Event "*** Titled Tuesday Blitz"]
[Site "Chess.com"]
[Date "2020.04.07"]
[Round "5"]
[White "Zkid"]
[Black "gena217"]
[Result "1-0"]
[WhiteElo "2828"]
[BlackElo "2938"]
[TimeControl "180+1"]
[EndTime "13:56:41 PDT"]
[Termination "Zkid won by checkmate"]

1. e4 c6 2. d4 d5 3. exd5 cxd5 4. Bd3 Nf6 5. c3 Nc6 6. Bf4 Bg4 7. Qb3 Qd7 8. Nd2 e6 9. Ngf3 Bd6 10. Ne5 Qc7 11. O-O O-O 12. Rfe1 Nh5 13. Nxg4 Nxf4 14. Bf1 Ng6 15. Nf3 Rab8 16. a4 a6 17. Qd1 b5 18.
axb5 axb5 19. b4 Nce7 20. Qd2 Rfc8 21. Ra3 Nf5 22. Bd3 Nfe7 23. h4 Bf4 24. Qe2 h5 25.
Nge5 Nxe5 26. dxe5 Qb6 27. Nd4 g6 28. g3 Bh6 29.
Nxb5 Nf5 30. Kg2 Bg7 31. Rea1 Nh6 32. Ra6 Qd8 33. Rd6 Qe8 34. Ra7 Ng4 35. f4 Nh6 36.
Rdd7 Qf8 37. Qd2 Rd8 38. Nd6 Rxd7 39. Rxd7 Ra8 40. b5 Qb8 41. Nxf7 Nxf7 42. Bxg6 Nh8 43. Bxh5 Qxb5 44. Re7 Qc4 45. Kh3 Ra2 46. Qd1 Qxc3 47. Rxe6 Ra3 48. Qg4 Qe1 49. Re8+ Kh7 50. Qf5+ Kh6 51.
Re6+ Ng6 52. Qxg6# 1-0

[Event "*** Titled Tuesday Blitz"]
[Site "Chess.com"]
[Date "2020.04.07"]
[Round "5"]
[White "sofaceindisguise"]
[Black "Gabix_94"]
[Result "1-0"]
[WhiteElo "2658"]
[BlackElo "2878"]
[TimeControl "180+1"]
[EndTime "13:56:41 PDT"]
[Termination "sofaceindisguise won by resignation"]

1. c4 c5 2. Nf3 Nc6 3. Nc3 Nf6 4. e3 e5 5. d4 e4 6. Ne5 Bd6 7. f4 O-O 8. Be2 cxd4 9. exd4 Bb4 10. d5 Ne7 11. O-O d6 12. Ng4 Nxg4 13. Bxg4 Bxg4 14. Qxg4 Bxc3 15. bxc3 Qb6+ 16. Kh1 f5 17. Qe2 Rac8 18.
Be3 Qa6 19. Rab1 Nxd5 20. Bd4 Rxc4 21. Rxb7 Qxb7 22. Qxc4 Rc8 23. Qa4 h6 24. Qa3 Qb5 25. Rg1 Rc6 26. Qxa7 Rc7 27. Qa8+ Kh7 28. a4 Qc6 29.
Qf8 Kg6 30. g4 Nf6 31. Bxf6 e3+ 32. Rg2 Qe4 33. gxf5+ Kh5 34. Be5 Qb1+ 35. Rg1 Qe4+ 36.
Rg2 e2 37. Qe8+ Kh4 38. Bf6+ gxf6 39. Qxe4 Rxc3 40. Qxe2 Rc1+ 41. Rg1 Rc2 42. Qxc2 1-0

[Event "*** Titled Tuesday Blitz"]
[Site "Chess.com"]
[Date "2020.04.07"]
[Round "5"]
[White "ama18"]
[Black "EugeneRougon"]
[Result "0-1"]
[WhiteElo "2452"]
[BlackElo "2710"]
[TimeControl "180+1"]
[EndTime "13:56:41 PDT"]
[Termination "EugeneRougon won by checkmate"]

1. e4 e6 2. d4 d5 3. Nc3 Bb4 4. Qd3 dxe4 5. Qxe4 Nf6 6. Qh4 Nbd7 7. a3 Bxc3+ 8. bxc3 c5 9. Nf3 b6 10.
Bb5 O-O 11. Bc6 Ba6 12. Bg5 h6 13. Bxf6 Nxf6 14. Bxa8 Qxa8 15. O-O-O Qd5 16. Kb2 Be2 17. Rde1 Bxf3 18. gxf3 Qc4 19. Qf4 Nd5 20. Qd2 cxd4 21. Qxd4 Qb5+ 22. Kc1 Rc8 23. Rhg1 g6 24. Rxe6 Rc4 25.
Rgxg6+ fxg6 26. Rxg6+ Kf7 27. Qg7+ Ke8 28. Re6+ Kd8 29.
Qf8+ Kc7 30. Qf7+ Qd7 31. Qg6 Nxc3 32. Qg3+ Kb7 33. Re1 Na2+ 34. Kb2 Qd4+ 35. Kxa2 Rxc2+ 36. Kb3 Qb2+ 37. Ka4 Rc4# 0-1

[Event "*** Titled Tuesday Blitz"]
[Site "Chess.com"]
[Date "2020.04.07"]
[Round "5"]
[White "Alex_Terzi"]
[Black "RitvarsReimanis"]
[Result "0-1"]
[WhiteElo "2402"]
[BlackElo "2599"]
[TimeControl "180+1"]
[EndTime "13:56:41 PDT"]
[Termination "RitvarsReimanis won on time"]

1. e4 c5 2. Nc3 Nc6 3. Bb5 g6 4.
Bxc6 dxc6 5. d3 e5 6. f4 exf4 7. Bxf4 Bg7 8. Nf3 Ne7 9. O-O O-O 10. Qd2 f5 11. Bh6 fxe4 12. Bxg7 Kxg7 13. Nxe4 Nf5 14.
Qc3+ Kg8 15. Qxc5 Qb6 16. Qxb6 axb6 17. Rfe1 Be6 18. a3 Bd5 19. Ne5 Nd4 20. Nd7 Nxc2 21. Nxb6 Rad8 22. Nc5 Nxa1 23. Rxa1 Rde8 24. Ncd7 Rf7 25.
Rf1 Rxf1+ 26. Kxf1 Kg7 27. b4 Re7 28. a4 Rf7+ 29. Kg1 Rf4 30. b5 Rd4 31. Nc5 cxb5 32. axb5 Bf7 33. Nxb7 Rxd3 34. Nc5 Rd1+ 35. Kf2 Rb1 36.
Ne4 Rb2+ 37. Kg3 Rxb5 38. Nc8 Rb3+ 39. Kf2 Bd5 40. Ncd6 Rb2+ 41. Kg3 Kf8 42. h4 Ke7 43. Kf3 Ke6 0-1

[Event "*** Titled Tuesday Blitz"]
[Site "Chess.com"]
[Date "2020.04.07"]
[Round "5"]
[White "freshfoodcompany"]
[Black "Jbd735"]
[Result "0-1"]
[WhiteElo "2250"]
[BlackElo "2456"]
[TimeControl "180+1"]
[EndTime "13:56:41 PDT"]
[Termination "Jbd735 won on time"]

1. d4 d5 2. c4 e6 3. Nc3 c6 4.
e4 dxe4 5. Nxe4 Bb4+ 6. Nc3 c5 7. Be3 Qa5 8. Qb3 Nc6 9. dxc5 Bxc5 10. Bxc5 Qxc5 11.
Nb5 Nd4 12. Nxd4 Qxd4 13. Rd1 Qe4+ 14. Ne2 Ne7 15. Qd3 Qxd3 16. Rxd3 Bd7 17. Nc3 O-O-O 18. Be2 Bc6 19. O-O Rxd3 20. Bxd3 Rd8 21. Rd1 h6 22. f3 Kc7 23. Kf2 a5 24. Ke2 e5 25. Be4 Rxd1 26.
Kxd1 f5 27. Bc2 Kd6 28. Kd2 Kc5 29. b3 g5 30. a3 h5 31. Ke3 g4 32. fxg4 hxg4 33. Ne2 Bxg2 34. Kf2 Bc6 35. Ng3 f4 36. Ne2 a4 37. Nc3 axb3 38. Bxb3 Kd4 39. Ne2+ Kd3 40. Nc1+ Kd2 41. Ne2 Ng6 42. a4 e4 43.
a5 e3+ 44. Kf1 f3 0-1

[Event "*** Titled Tuesday Blitz"]
[Site "Chess.com"]
[Date "2020.04.07"]
[Round "5"]
[White "WIDBIFS"]
[Black "BogdanDeac"]
[Result "1-0"]
[WhiteElo "2800"]
[BlackElo "2614"]
[TimeControl "180+1"]
[EndTime "13:56:42 PDT"]
[Termination "WIDBIFS won on time"]

1. d4 Nf6 2. Nf3 d5 3. Bf4 c5 4.
e3 Nc6 5. Nbd2 Qb6 6. dxc5 Qxb2 7.
Rb1 Qc3 8. Bb5 e6 9. O-O Be7 10.
Ne5 Bd7 11. Nxd7 Nxd7 12. Bxc6 bxc6 13. Rb7 Nxc5 14. Rc7 e5 15. Bg3 Ne6 16. Rb7 Bf6 17.
Ne4 Qa3 18. Nxf6+ gxf6 19. Qh5 Nd8 20. Rb3 Qe7 21. f4 exf4 22. Bxf4 Ne6 23. Bh6 Rg8 24. e4 dxe4 25. Be3 Rg7 26. Qf5 Qd6 27. Qxf6 Qd8 28.
Qf5 Qd5 29. Qf6 Qd8 30. Qc3 Qd7 31. Rb4 c5 32. Rxe4 Rg8 33. Qxc5 Rc8 34. Qf5 Rxc2 35. Rxe6+ Qxe6 36. Qxc2 Qxe3+ 37. Kh1 Qe6 38. Qc3 Rg6 39.
Re1 1-0

[Event "*** Titled Tuesday Blitz"]
[Site "Chess.com"]
[Date "2020.04.07"]
[Round "5"]
[White "lilleper1"]
[Black "DejanNestor64"]
[Result "0-1"]
[WhiteElo "2641"]
[BlackElo "2451"]
[TimeControl "180+1"]
[EndTime "13:56:42 PDT"]
[Termination "DejanNestor64 won by checkmate"]

1. e4 c5 2. Nf3 e6 3. d4 cxd4 4. Nxd4 Bc5 5. Nb3 Bb6 6. Nc3 Ne7 7. Be2 O-O 8. O-O Nbc6 9. Bf4 f5 10. Qd2 fxe4 11.
Nxe4 d5 12. Nc3 e5 13. Bg5 Be6 14. Rad1 h6 15. Bh4 d4 16. Ne4 Qd5 17. Bd3 Nf5 18. Bg3 Nxg3 19. hxg3 Bf5 20. Qe2 Qd7 21. a3 Kh8 22.
Nbd2 Qe7 23. g4 Bh7 24. Ng3 Bxd3 25. cxd3 Qg5 26. Nde4 Qf4 27. Nh5 Qf7 28. g5 Qg6 29.
gxh6 gxh6 30. g4 Rf7 31. f3 Rg8 32. Nhg3 Ne7 33. Rf2 Nd5 34. Rh2 Bd8 35. Kf2 Bg5 36. Rdh1 Be3+ 37. Ke1 Kh7 38. g5 Bxg5 39. Nxg5+ Qxg5 40. Rxh6+ Kg7 41. Ne4 Qc1+ 42. Kf2 Qf4 43. Rh7+ Kf8 44.
Rxf7+ Kxf7 45. Rh7+ Kf8 46. Qc2 Qe3+ 47. Kf1 Rg1# 0-1

[Event "*** Titled Tuesday Blitz"]
[Site "Chess.com"]
[Date "2020.04.07"]
[Round "5"]
[White "joksijoksi"]
[Black "awesomevishesh"]
[Result "0-1"]
[WhiteElo "2267"]
[BlackElo "2471"]
[TimeControl "180+1"]
[EndTime "13:56:43 PDT"]
[Termination "awesomevishesh won by resignation"]

1. e4 c5 2. Nc3 Nc6 3. Bb5 Nd4 4.
Nf3 e6 5. O-O a6 6. Bd3 Ne7 7.
Nxd4 cxd4 8. Ne2 Nc6 9. b3 Nb4 10. Nxd4 Nxd3 11. cxd3 Qf6 12. Nc2 b5 13. Rb1 Bb7 14. Bb2 Qh6 15. Ne3 Be7 16. f4 O-O 17. Ng4 Qh4 18. Ne5 d6 19. g3 Qh6 20. Ng4 Qh3 21. f5 exf5 22. Rxf5 Bc8 23. Nf2 Qh6 24.
Rh5 Qg6 25. Qf3 f5 26. e5 Rb8 27. exd6 Bxd6 28. Rh4 Bb7 29. Qd1 Bc7 30. Kf1 Qc6 31.
Qh5 Qg2+ 32. Ke1 Rfe8+ 33. Kd1 Bf3+ 34. Kc2 Bxh5 35. Rxh5 Qxf2 36. Rg5 Qc5+ 37. Bc3 g6 38. b4 Qd5 39. Rf1 Qxa2+ 40. Kd1 Qb3+ 41. Kc1 Qd5 0-1

[Event "*** Titled Tuesday Blitz"]
[Site "Chess.com"]
[Date "2020.04.07"]
[Round "5"]
[White "ferdipy"]
[Black "DishonorOnYourCow"]
[Result "0-1"]
[WhiteElo "2159"]
[BlackElo "2335"]
[TimeControl "180+1"]
[EndTime "13:56:44 PDT"]
[Termination "DishonorOnYourCow won on time"]

1. e4 c5 2. d4 cxd4 3. c3 d3 4. c4 d6 5. Bxd3 Nf6 6. Nf3 g6 7.
h3 Bg7 8. O-O O-O 9. Nc3 a6 10.
Be3 Nbd7 11. Qd2 Nc5 12. e5 Ne8 13. Bxc5 dxc5 14. Qe3 e6 15. Qxc5 Qxd3 16. Rad1 Qf5 17. Ne2 b5 18. cxb5 axb5 19. Ng3 Qf4 20. Rd4 Qh6 21.
Rh4 Qxh4 22. Nxh4 Ba6 23. b4 Bh6 24. Nf3 Ng7 25. Rd1 Rfc8 26. Qb6 Rcb8 27. Qd6 Bb7 28. Nd4 Bg5 29. Nxb5 Rd8 30. Qc7 Rxd1+ 31. Kh2 Ba6 32.
Nd6 Rd2 33. Qxf7+ Kh8 34. b5 Bxb5 35. Nxb5 Nf5 36. Nxf5 gxf5 37. Kg3 f4+ 38. Kg4 Bh6 39. Qf6+ Bg7 40. Qxf4 Rdxa2 41. Kh5 R2a5 42. Qc4 Rb8 43. Nc7 Bxe5 0-1